 Dungeon Crawl Stone Soup version 0.29.1-1-gd02db6906a (webtiles) character file.

Game seed: 16953079961909876774

435 SINSOJ the Cudgeller (level 6, -1/56 HPs)
             Began as a Minotaur Berserker on Oct 20, 2022.
             Was a Believer of Trog.
             Succumbed to Dowan's poison
             ... on level 5 of the Dungeon.
             The game lasted 00:11:37 (5858 turns).

SINSOJ the Cudgeller (Minotaur Berserker)           Turns: 5858, Time: 00:11:37

Health: -1/56      AC:  2    Str: 30    XL:     6   Next: 68%
Magic:  5/5        EV: 13    Int: 10    God:    Trog [**....]
Gold:   204        SH:  0    Dex:  9    Spells: 5/5 levels left

rFire   . . .      SeeInvis .   a - +0 mace
rCold   . . .      Faith    .   (no shield)
rNeg    . . .      Spirit   .   b - +0 animal skin
rPois   .          Reflect  .   (helmet restricted)
rElec   .          Harm     .   (no cloak)
rCorr   .          Rampage  .   (no gloves)
Will    ++...                   (no boots)
Stlth   ++........              (no amulet)
HPRegen 1.18/turn               k - +6 ring of intelligence
MPRegen 0.09/turn               y - +6 ring of strength

@: lethally poisoned (-1 -> -21), strong-willed, on berserk cooldown,
regenerating, slowed, very slow
A: horns 2, retaliatory headbutt
a: Renounce Religion, Berserk, Trog's Hand


You were on level 5 of the Dungeon.
You worshipped Trog.
Trog was pleased with you.
You visited 1 branch of the dungeon, and saw 6 of its levels.

You collected 204 gold pieces.

Inventory:

Hand Weapons
 a - a +0 mace (weapon)
Armour
 b - a +0 animal skin (worn)
Jewellery
 g - a +6 ring of dexterity
 h - an amulet of the acrobat
 k - a +6 ring of intelligence (left hand)
 v - a ring of flight
 y - a +6 ring of strength (right hand)
Scrolls
 c - a scroll of fog {unknown}
 i - a scroll of vulnerability {unknown}
 l - 2 scrolls of fear {unknown}
 m - a scroll of enchant armour {unknown}
 n - 3 scrolls of teleportation {unknown}
 p - a scroll of enchant weapon {unknown}
 r - a scroll of torment {unknown}
 t - a scroll of summoning {unknown}
 u - 4 scrolls of identify {unknown}
 A - a scroll of poison {unknown}
Potions
 d - 4 potions of mutation {unknown}
 e - a potion of experience {unknown}
 f - a potion of brilliance {unknown}
 j - a potion of degeneration {unknown}
 o - 2 potions of flight {unknown}
 q - a potion of ambrosia {unknown}
 s - 2 potions of heal wounds {unknown}
 w - a potion of resistance {unknown}
 x - a potion of curing {unknown}
 z - 2 potions of magic {unknown}


   Skills:
 + Level 5.3 Fighting
 + Level 5.8 Maces & Flails
 + Level 2.9 Armour
 + Level 4.6 Dodging
 + Level 2.1 Stealth


You had 5 spell levels left.
You didn't know any spells.
Your spell library was empty.

Dungeon Overview and Level Annotations

Branches:
Dungeon (6/15)
 Temple: D:4-7

Altars:
Ashenzari
Qazlal
Yredelemnul

Shops:
D:2 (

Annotations:
D:5 Dowan


Innate Abilities, Weirdness & Mutations

You have a pair of horns on your head.
You reflexively headbutt those who attack you in melee.


Message History

You are poisoned.
You thump Duvessa!
You kill Duvessa!
Trog accepts your kill.
Dowan screams, "No!
Oh no!"
Dowan seems to find hidden reserves of power!
You feel sick.
Dowan mumbles some strange words.
Dowan blinks!
The iguana bites you.
* * * LOW HITPOINT WARNING * * *
Your Stealth skill increases to level 2!
You feel sick.
Dowan casts a spell.
Dowan blinks!
Things that are here:
a +0 short sword; a +0 leather armour; the elf corpse of Duvessa You sock the iguana!
You kill the iguana!
Trog accepts your kill.
You feel sick.
You feel sick.
You feel a strong urge to attack something.
Dowan barely misses you.
You are no longer berserk.
You are exhausted.
You feel yourself slow down.
You feel sick.
Dowan casts a spell.
Dowan blinks!
You feel sick.
Dowan gestures wildly while chanting.
Dowan blinks!
Dowan hits you with a +2 dagger of venom.
* * * LOW HITPOINT WARNING * * *
You are more poisoned.
Dowan hits you with a +2 dagger of venom.
* * * LOW HITPOINT WARNING * * *
You are lethally poisoned!
Your skin crawls.
You feel strong-willed.
You die...

#.#...#.##.
##..........
######...<..#.###
#........>..#.####
#ยง##..............
#.##.........###.#
#.##.........# #.#
#e##........## #.#
#@##.#.......# #.#
#...).....##.###.#
####.##.##........
#.##.......####
...#.......#
#...#.......#
#...#.......#
...##.......#
#####.......#


You could see Dowan (fast).

Vanquished Creatures
  Duvessa (D:5)
  A necrophage (D:4)
  3 hounds (D:4)
  An iguana (D:5)
  7 adders
  An ufetubus (D:5)
  A worm (D:3)
  A dart slug (D:2)
  An orc (D:3)
  12 bats
  5 endoplasms
  4 giant cockroaches (D:1)
  9 goblins
  6 hobgoblins
  3 jackals (D:3)
  9 kobolds
  6 quokkas
  10 ball pythons
  5 frilled lizards
  2 rats
88 creatures vanquished.

Notes
Turn   | Place    | Note
-------+----------+-------------------------------------------
     0 | D:1      | SINSOJ the Minotaur Berserker began the quest for the Orb.
     0 | D:1      | Reached XP level 1. HP: 19/19 MP: 0/0
   313 | D:1      | Reached XP level 2. HP: 15/27 MP: 1/1
   500 | D:1      | HP: 2/40 [kobold/+0 club (1)]
  1188 | D:1      | Reached XP level 3. HP: 28/33 MP: 2/2
  1477 | D:2      | Reached ** piety under Trog
  1478 | D:2      | Found Xogatacw's Weapon Shop.
  2099 | D:2      | Reached XP level 4. HP: 40/41 MP: 3/3
  2343 | D:2      | Found a faded altar of an unknown god.
  2635 | D:2      | Found a basalt altar of Yredelemnul.
  2807 | D:3      | Found a broken altar of Ashenzari.
  3209 | D:3      | Reached skill level 1 in Stealth
  4038 | D:4      | Reached XP level 5. HP: 35/47 MP: 4/4
  4277 | D:4      | Reached skill level 5 in Maces & Flails
  4443 | D:4      | Reached skill level 5 in Fighting
  4546 | D:4      | Reached XP level 6. HP: 38/56 MP: 5/5
  4800 | D:4      | Found a stormy altar of Qazlal.
  5575 | D:5      | Entered Level 5 of the Dungeon
  5838 | D:5      | Noticed Dowan
  5839 | D:5      | Noticed Duvessa
  5851 | D:5      | Killed Duvessa
  5858 | D:5      | Succumbed to Dowan's poison

Illustrated notes

Levels and vault maps discovered:
D:1:      dpeg_arrival_round_b, layout_rooms, st_stairs_11, minmay_cupped
D:2:      layout_loops_ring, hellmonk_ecumenical_altar_inner_sanctum,
          serial_shops, nicolae_shop_bloodbath_and_beyond, basic_altar
D:3:      layout_basic, overflow_temple_1_default, minmay_box_of_dots
D:4:      layout_basic, grunt_qazlal_sundering, grunt_decor_fettered
D:5:      layout_loops_cross, kennysheep_generic_room_6, uniq_duvessa
D:6:      layout_rooms, mainiacjoe_overflow_catwalk_spiral,
          minmay_temple_entry_offerings, uniq_sigmund

Skill      XL: |  1  2  3  4  5  6 |
---------------+-------------------+-----
Maces & Flails | 4 5 |  5.8
Fighting       | 4 5 |  5.3
Dodging        | 3 4 |  4.6
Stealth        | 1 2 |  2.1
Armour         | |  2.9

Action                   |  1- 3 |  4- 6 || total
-------------------------+-------+-------++-------
Melee: Mace              |    64 |    93 ||   157
       Headbutt          |     8 |    11 ||    19
Invok: Berserk           |     2 |     1 ||     3
       Trog's Hand       |     1 |     2 ||     3
 Stab: Sleeping          |       |     3 ||     3
Armor: Animal skin       |    44 |    16 ||    60
Dodge: Dodged            |   107 |    94 ||   201
